 Dungeon Crawl Stone Soup version 0.18.1-2-ga659475 (webtiles) character file.

146 namelastname112 the Poker (level 5, -1/45 HPs)
             Began as a Draconian Wanderer on May 8, 2016.
             Was a Follower of Ashenzari.
             Slain by a tentacled starspawn (5 damage)
             ... on level 1 of the Abyss.
             The game lasted 00:03:30 (2333 turns).

namelastname112 the Poker (Draconian Wanderer)      Turns: 2333, Time: 00:03:31

Health: -1/45      AC:  5    Str: 14    XL:     5   Next: 7%
Magic:  5/5        EV: 12    Int: 12    God:    Ashenzari [*.....]
Gold:   85         SH:  0    Dex: 12    Spells: 0 memorised, 4 levels left

rFire  . . .     SeeInvis .     d - +0 spear
rCold  + . .     Gourm    .     (armour unavailable)
rNeg   + . .     Faith    .     (no shield)
rPois  .         Spirit   .     (helmet restricted)
rElec  .         Dismiss  .     (no cloak)
rCorr  .         Reflect  .     (no gloves)
SustAt .         Harm     .     (no boots)
MR     .....                    (no amulet)
Stlth  +.........               j - ring of positive energy
                                a - ring of protection from cold

@: about to teleport, not resistant to hostile enchantments, very unstealthy
A: unfitting armour, cold-blooded, AC +5
a: Curse Item, Scrying, Renounce Religion


You were on level 1 of the Abyss.
You worshipped Ashenzari.
Ashenzari was aware of your devotion.
You were not hungry.

You visited 1 branch of the dungeon, and saw 3 of its levels.
You visited the Abyss 1 time.

You collected 85 gold pieces.

Inventory:

Hand Weapons
 d - a +0 spear (weapon)
Magical Staves
 q - an uncursed staff of fire
Jewellery
 a - a ring of protection from cold (left hand)
 j - a ring of positive energy (right hand)
 v - an uncursed ring of see invisible
Scrolls
 b - a scroll of blinking
 e - 4 scrolls of identify
 m - a scroll of random uselessness {unknown}
 o - a scroll of teleportation
 p - a scroll of remove curse
Potions
 c - a potion of curing
 h - 2 potions of heal wounds {unknown}
 i - a potion of agility {unknown}
 k - a potion of resistance {unknown}
 n - a potion of mutation {unknown}
 r - a potion of brilliance {unknown}
 s - a potion of berserk rage {unknown}
 t - a potion of haste {unknown}
Comestibles
 f - 2 bread rations
 g - a meat ration
 l - 2 slices of pizza


   Skills:
 + Level 3.2 Fighting
 * Level 5.4 Polearms
   Level 1.0 Crossbows
 + Level 2.3 Dodging
 - Level 1.0 Stealth
 - Level 1.0 Evocations


You had 4 spell levels left.
You didn't know any spells.

Dungeon Overview and Level Annotations

Branches:
Dungeon (3/15)

Altars:
Ashenzari
Zin


Innate Abilities, Weirdness & Mutations

Your plain brown scales are hard (AC +5).
Your body does not fit into most forms of armour.
You are cold-blooded and may be slowed by cold attacks.


Message History

Drink which item? (? for menu, Esc to quit)
You feel better.
Tentacles burst from the starspawn's body! 2 starspawn tentacles come into view.
You regained 8 hp, and now have 31/45 hp.
The thrashing horror roars!
The starspawn tentacle grabs you. The starspawn tentacle constricts you.
You take 2 damage, and have 29/45 hp.
You escape the starspawn tentacle's grasp.
Your magical contamination has completely faded away.
Drink which item? (? for menu, Esc to quit)
You feel better.
You regained 5 hp, and now have 34/45 hp.
You hit the tentacled starspawn.
The tentacled starspawn is lightly damaged.
The tentacled starspawn bites you!!
Ouch! That really hurt!
* * * LOW HITPOINT WARNING * * *
The tentacled starspawn engulfs you.
You die...

#. # #### #
#.## .### .
#....# # #
##. ..#
#.## #..
#.## #
.##.##..#
.#..#.##w{#
###...##
##X## #.
.... ####@#
#..§X
#.....###
... .# ..#
# ####....
.# # .
#.... .# .
. #.... .#
. . #.#
#### . #


You could see a tentacled starspawn and a starspawn tentacle.

Vanquished Creatures
  3 gnolls (D:2)
  5 adders (D:2)
  2 oozes
  2 worms (D:2)
  3 dart slugs
  2 giant geckos
  An orc (D:3)
  5 bats
  3 giant cockroaches
  5 goblins
  5 hobgoblins
  4 jackals (D:2)
  7 kobolds
  A ball python (D:1)
  A giant newt (D:1)
  3 rats
52 creatures vanquished.

Vanquished Creatures (others)
  2 starspawn tentacles (Abyss:1)
  3 starspawn tentacle segments (Abyss:1)
5 creatures vanquished.

Grand Total: 57 creatures vanquished

Notes
Turn   | Place    | Note
--------------------------------------------------------------
     0 | D:1      | namelastname112 the Draconian Wanderer began the quest for the Orb.
     0 | D:1      | namelastname112 set off with: a +2 dagger, a scroll of blinking, a potion of curing, a +0 spear, a bread ration
     0 | D:1      | Reached XP level 1. HP: 17/17 MP: 1/1
    69 | D:1      | Reached XP level 2. HP: 15/25 MP: 2/2
   446 | D:2      | Found a glowing silver altar of Zin.
   456 | D:2      | Reached XP level 3. HP: 18/30 MP: 3/3
   775 | D:2      | Found a faded altar to an unknown god.
   803 | D:2      | Reached XP level 4. HP: 36/37 MP: 4/4
   804 | D:2      | Reached skill level 5 in Polearms
  1801 | D:2      | Became a worshipper of Ashenzari the Shackled
  1801 | D:2      | Reached * piety under Ashenzari
  1952 | D:3      | Reached XP level 5. HP: 45/45 MP: 5/5
  2241 | D:3      | Cast into level 1 of the Abyss (orc)
  2290 | Abyss:1  | Noticed a tentacled starspawn
  2311 | Abyss:1  | Noticed a thrashing horror
  2333 | Abyss:1  | xeno23: ты ебанутый? ты что тут делаешь?
  2333 | Abyss:1  | Slain by a tentacled starspawn

Skill      XL: |  1  2  3  4 |
---------------+-------------+-----
Polearms       | 5 |  5.4
Fighting       | 3 |  3.2
Dodging        | 2 |  2.3
Crossbows      | |  1.0
Stealth        | |  1.0
Evocations     | |  1.0

Action                   |  1- 3 |  4- 6 || total
-------------------------+-------+-------++-------
Melee: Spear             |    99 |   128 ||   227
       Tailslap          |     8 |     5 ||    13
  Use: Scroll            |       |     3 ||     3
       Potion            |       |     2 ||     2
 Stab: Sleeping          |     2 |     2 ||     4
  Eat: Chunk             |       |     5 ||     5
Armor: Skin              |    12 |    27 ||    39
Dodge: Dodged            |    36 |    60 ||    96
